 Dungeon Crawl Stone Soup version 0.26-a0-491-g70697cc071 (webtiles) character file.

Game seed: 1893497423373416888

306 Murumi the Shield-Bearer (level 6, 0/49 HPs)
             Began as a Formicid Fighter on Aug 5, 2020.
             Succumbed to a worker ant's poison
             ... on level 4 of the Dungeon.
             The game lasted 00:12:50 (2863 turns).

Murumi the Shield-Bearer (Formicid Fighter)         Turns: 2863, Time: 00:12:51

Health: 0/49       AC:  7    Str: 21    XL:     6   Next: 67%
Magic:  6/6        EV:  8    Int:  8    God:
Gold:   172        SH: 10    Dex: 11    Spells: 5/5 levels left

rFire    . . .     SeeInvis +   a - +0 long sword
rCold    + . .     Faith    .   c - +0 kite shield
rNeg     . . .     Spirit   .   b - +0 scale mail
rPois    .         Reflect  .   (helmet unavailable)
rElec    .         Harm     .   (no cloak)
rCorr    .                      (no gloves)
MR       .....                  (no boots)
Stlth    ..........             (no amulet)
HPRegen  0.16/turn              e - ring of protection from cold
MPRegen  0.10/turn              (no ring)

@: lethally poisoned (0 -> -1)
A: permanent stasis, dig shafts and tunnels, four strong arms, antennae 3
a: Dig, Shaft Self


You were on level 4 of the Dungeon.
You visited 1 branch of the dungeon, and saw 4 of its levels.

You collected 172 gold pieces.

Inventory:

Hand Weapons
 a - a +0 long sword (weapon)
Missiles
 f - 43 bolts
Armour
 b - a +0 scale mail (worn)
 c - a +0 kite shield (worn)
Jewellery
 e - a ring of protection from cold (left hand)
Wands
 h - a wand of iceblast (6)
Potions
 g - a potion of brilliance


   Skills:
 + Level 4.5 Fighting
 - Level 4.0 Long Blades
 - Level 4.0 Armour
 - Level 1.0 Dodging
 - Level 5.0 Shields
 - Level 2.0 Evocations


You had 5 spell levels left.
You didn't know any spells.
Your spell library was empty.

Dungeon Overview and Level Annotations

Branches:
Dungeon (4/15)
 Temple: D:4-7

Altars:
Makhleb


Innate Abilities, Weirdness & Mutations

You cannot be hasted, slowed, berserked, paralysed or teleported.
You can dig through walls and to a lower floor.
Your four strong arms can wield two-handed weapons with a shield.
You have a pair of large antennae on your head. (SInv)


Message History

The ogre hits you with a +0 giant club!!
Ouch! That really hurt!
* * * LOW HITPOINT WARNING * * *
A gnoll comes into view. It is wielding a +0 spear.
You hear a shout! x2
You hit the ogre.
The ogre is heavily wounded.
An orc comes into view. It is wielding a +0 club.
The ogre closely misses you.
You riposte.
Your shield and scale mail prevent you from hitting the ogre.
The ogre is heavily wounded.
You barely miss the ogre.
The ogre is heavily wounded.
The ogre hits you with a +0 giant club!
* * * LOW HITPOINT WARNING * * *
An orc comes into view.
A gnoll comes into view. It is wielding a +0 flail.
You extend your mandibles.
You dig through the rock wall.
You die...

####### ###
##....)###@#
##......{#.##
###........O##
...........g#
...........g#..#
.............{.#
##....<.........
#........o...#..
#........o##....


You could see an ogre and a gnoll.

Vanquished Creatures
  Grinder (D:3)
  An orc wizard (D:3)
  A worker ant (D:4)
  An adder (D:3)
  An ufetubus (D:3)
  2 dart slugs (D:3)
  A leopard gecko (D:1)
  3 orcs (D:3)
  6 bats
  2 giant cockroaches (D:3)
  5 goblins
  2 hobgoblins
  6 jackals
  7 kobolds
  2 quokkas (D:2)
  2 frilled lizards (D:3)
  5 rats
48 creatures vanquished.

Notes
Turn   | Place    | Note
-------+----------+-------------------------------------------
     0 | D:1      | Murumi the Formicid Fighter began the quest for the Orb.
     0 | D:1      | Reached XP level 1. HP: 18/18 MP: 1/1
   214 | D:1      | Reached skill level 1 in Dodging
   354 | D:1      | Reached XP level 2. HP: 24/24 MP: 2/2
   355 | D:1      | Reached skill level 4 in Shields
   791 | D:2      | Reached XP level 3. HP: 29/29 MP: 3/3
   978 | D:2      | Found a burning altar of Makhleb.
  1592 | D:3      | Reached skill level 1 in Evocations
  1758 | D:3      | Reached XP level 4. HP: 28/35 MP: 4/4
  1998 | D:3      | Noticed Grinder
  2285 | D:3      | Killed Grinder
  2285 | D:3      | Reached skill level 5 in Shields
  2285 | D:3      | Reached XP level 5. HP: 3/42 MP: 5/5
  2285 | D:3      | Reached XP level 6. HP: 4/48 MP: 6/6
  2755 | D:3      | Found a faded altar of an unknown god.
  2845 | D:4      | Noticed an ogre
  2862 | D:4      | HP: 1/49 [ogre/+0 giant club (13)]
  2863 | D:4      | Succumbed to a worker ant's poison

Illustrated notes

Levels and vault maps discovered:
D:1:      shiori_arrival_oz, layout_loops_ring
D:2:      layout_loops_ring, lightli_temple_of_fire, minmay_tromino_v2
D:3:      wander_river, layout_rooms, chequers_ecumenical_altar_island,
          uniq_grinder
D:4:      layout_rooms, gammafunk_temple_overflow_wave, serial_shops,
          nicolae_shop_competitors_out_of_business, gammafunk_ghost_icy

Skill      XL: |  1  2  3  4 |
---------------+-------------+-----
Dodging        | 1 |  1.0
Shields        | 4 5 |  5.0
Long Blades    | 3 4 |  4.0
Evocations     | 1 2 |  2.0
Fighting       | 4 |  4.5
Armour         | 4 |  4.0

Action                   |  1- 3 |  4- 6 || total
-------------------------+-------+-------++-------
Melee: Long sword        |    80 |    64 ||   144
 Abil: Dig               |     1 |     3 ||     4
  Use: Scroll            |     4 |     2 ||     6
       Potion            |       |     3 ||     3
Armor: Scale mail        |    38 |    12 ||    50
Dodge: Dodged            |    41 |    17 ||    58
Block: Kite shield       |    61 |    21 ||    82
       Rpst.: Long sword |    15 |     3 ||    18

Table legend: (Time is in decaauts)
 A = Elapsed time spent in this place.
 B = Non-inter-level travel time spent in this place.
 C = Inter-level travel time spent in this place.
 D = Time resting spent in this place.
 E = Time spent auto-exploring this place.
 F = Levels seen in this place.
 G = Mean time per level.
                   A        B        C        D        E       F      G
               +--------+--------+--------+--------+--------+-----+--------+
         Total |   2935 |   2727 |    208 |    331 |   1942 |   4 |  733.8 |
       Dungeon |   2935 |   2727 |    208 |    331 |   1942 |   4 |  733.8 |
               +--------+--------+--------+--------+--------+-----+--------+

Top non-repeatable levels by time:
     D:3: 1192 daAuts
     D:2: 1039 daAuts
     D:1: 679 daAuts
     D:4: 23 daAuts
